 Dungeon Crawl Stone Soup version 0.30-a0-867-g305f33218d (webtiles) character file.

Game seed: 15743628109686673998

111 Dittersdorf the Shield-Bearer (level 4, 0/29 HPs)
             Began as a Gargoyle Fighter on Mar 10, 2023.
             Slain by a gnoll
             ... wielding a +0 halberd
              (12 damage)
             ... on level 3 of the Dungeon.
             The game lasted 00:02:41 (1692 turns).

Dittersdorf the Shield-Bearer (Gargoyle Fighter)    Turns: 1692, Time: 00:02:42

Health: 0/29       AC: 11    Str: 21    XL:     4   Next: 92%
Magic:  4/4        EV:  5    Int:  9    God:
Gold:   102        SH:  0    Dex:  9    Spells: 3/3 levels left

rFire   . . .      SeeInvis .    a - +0 flail
rCold   . . .      Faith    .    c - +0 buckler
rNeg    + . .      Spirit   .    b - +0 scale mail
rPois   ∞          Reflect  .    o - +0 helmet
rElec   +          Rampage  .    (no cloak)
rCorr   .                        (no gloves)
Will    .....                    (no boots) Stlth
                                 (no amulet)
HPRegen 0.24/turn                (no ring)
MPRegen 0.09/turn                (no ring)

@: held
A: sickness immunity, AC +3, negative energy resistance 1, electricity
resistance, torment resistance 1, petrification resistance
a: no special abilities


You were on level 3 of the Dungeon.
You visited 1 branch of the dungeon, and saw 3 of its levels.

You collected 102 gold pieces.

Inventory:

Hand Weapons
 a - a +0 flail (weapon)
Armour
 b - a +0 scale mail (worn)
 c - a +0 buckler (worn)
 o - a +0 helmet (worn)
Wands
 m - a wand of iceblast (9)
Scrolls
 f - 3 scrolls of identify {unknown}
 g - 2 scrolls of blinking {unknown}
 i - a scroll of amnesia {unknown}
 k - 3 scrolls of magic mapping {unknown}
 l - 5 scrolls of teleportation {unknown}
 n - a scroll of silence {unknown}
Potions
 d - 2 potions of might
 e - 4 potions of heal wounds {unknown}
 h - 2 potions of haste {unknown}
 j - 2 potions of curing {unknown}
 p - a potion of degeneration {unknown}


   Skills:
 + Level 4.1 Fighting
 + Level 2.9 Maces & Flails
 + Level 4.1 Armour
 + Level 4.1 Shields


You had 3 spell levels left.
You didn't know any spells.
Your spell library was empty.

Dungeon Overview and Level Annotations

Branches:
Dungeon (3/15)

Altars:

Shops:
D:1 :

Annotations:
D:2 1 runed translucent door, Crazy Yiuf


Innate Abilities, Weirdness & Mutations

You are immune to sickness and miasma.
Your stone body is resilient. (AC +3)
You are immune to poison.
You resist negative energy. (rN+)
You are resistant to electric shocks. (rElec)
You are resistant to unholy torment.
You are immune to petrification.


Message History

The gnoll hits you from afar with a +0 halberd.
The gnoll hits you but does no damage. The gnoll barely misses you.
The dart slug launches a dart at you. The slug dart misses you.
The gnoll hits you from afar with a +0 halberd.
You climb upwards.
Level annotation: 1 runed translucent door, Crazy Yiuf
There is a stone staircase leading down here.
You hit the dart slug but do no damage. The dart slug launches a dart at you.
The slug dart misses you.
You thump the dart slug!
The dart slug is severely wounded.
You block the dart slug's attack.
You sock the dart slug!
You kill the dart slug!
No target in view!
No target in view!
No target in view!
No target in view!
No target in view!
No target in view!
No target in view!
No target in view!
No target in view!
No target in view!
No target in view!
You start resting.
HP restored.
You climb downwards.
The gnoll closely misses you.
The gnoll throws a throwing net.
The throwing net hits you.
You become entangled in the net!
There is a stone staircase leading up here.
You see here a throwing net.
You struggle against the net.
The gnoll hits you with a +0 halberd.
You struggle against the net.
The gnoll hits you with a +0 halberd.
The gnoll hits you from afar with a +0 spear!
You struggle against the net.
The gnoll hits you with a +0 halberd!
You die...

#. #. . #. ..
#. ... #. ....
#. #.###.....
##...#!........
#......@..$....
..##....g......
#..g........
.....#.......
....... .......
.....#. .......
.##..## .......
#.. .....##


You could see 2 gnolls.

Vanquished Creatures
  2 gnolls
  6 adders
  2 dart slugs
  A ball python (D:1)
  An endoplasm (D:1)
  5 giant cockroaches (D:2)
  3 goblins (D:1)
  3 hobgoblins (D:1)
  3 kobolds (D:1)
  A quokka (D:1)
  2 bats (D:1)
  A frilled lizard (D:1)
  6 rats
36 creatures vanquished.

Vanquished Creatures (others)
  A fungus (D:2)
1 creature vanquished.

Grand Total: 37 creatures vanquished

Notes
Turn   | Place    | Note
-------+----------+-------------------------------------------
     0 | D:1      | Dittersdorf the Gargoyle Fighter began the quest for the
                  | Orb.
     0 | D:1      | Reached XP level 1. HP: 14/14 MP: 1/1
   236 | D:1      | Reached XP level 2. HP: 18/19 MP: 2/2
   274 | D:1      | Found Ofegoac's Vocational Training.
   818 | D:2      | Reached XP level 3. HP: 16/24 MP: 3/3
  1018 | D:2      | Reached XP level 4. HP: 29/29 MP: 4/4
  1345 | D:2      | Found a runed translucent door.
  1346 | D:2      | Noticed Crazy Yiuf
  1692 | D:3      | Slain by a gnoll

Illustrated notes

Levels and vault maps discovered:
D:1:      dpeg_arrival_circle_labyrinth_c, layout_basic, nicolae_shop_vocational
D:2:      layout_rooms, minmay_worlds_worst_comb, uniq_crazy_yiuf_cottage
D:3:      layout_rooms, lemuel_tele_altar, uniq_sigmund

Skill      XL: |  1  2  3  4 |
---------------+-------------+-----
Armour         | 4 |  4.1
Shields        | 4 |  4.1
Fighting       | 4 |  4.1
Maces & Flails | |  2.9

Action                     |  1- 3 |  4- 6 || total
---------------------------+-------+-------++-------
  Melee: Flail             |   102 |    48 ||   150
 Armour: Scale mail        |    39 |    49 ||    88
  Dodge: Dodged            |    41 |    36 ||    77
  Block: Buckler           |    20 |    11 ||    31

Table legend: (Time is in decaauts)
 A = Elapsed time spent in this place.
 B = Non-inter-level travel time spent in this place.
 C = Inter-level travel time spent in this place.
 D = Time resting spent in this place.
 E = Time spent auto-exploring this place.
 F = Levels seen in this place.
 G = Mean time per level.
                   A        B        C        D        E       F      G
               +--------+--------+--------+--------+--------+-----+--------+
         Total |   1744 |   1641 |    103 |    165 |   1131 |   3 |  581.3 |
       Dungeon |   1744 |   1641 |    103 |    165 |   1131 |   3 |  581.3 |
               +--------+--------+--------+--------+--------+-----+--------+

Top non-repeatable levels by time:
     D:1: 981 daAuts
     D:2: 745 daAuts
     D:3: 17 daAuts
